 Dungeon Crawl Stone Soup version 0.18-a0-844-g9229740 (webtiles) character file.

159947 M4edhros the Unseen (level 17, 0/113 HPs)
             Began as an Octopode Artificer on Dec 18, 2015.
             Was a Priest of Fedhas.
             Shot with a poisoned bolt by a yaktaur captain (21 damage)
             ... on level 1 of the Depths.
             The game lasted 02:39:41 (31863 turns).

M4edhros the Unseen (Octopode Artificer)           Turns: 31863, Time: 02:39:43

Health: 0/113      AC:  9    Str: 17    XL:     17   Next: 75%
Magic:  41/44      EV: 33    Int: 24    God:    Fedhas [***...]
Gold:   224        SH: 14    Dex: 22    Spells: 4 memorised, 19 levels left

rFire  + + +     SeeInvis .     A - +7 greatsling (flame)
rCold  + + .     Gourm    .     Q - +2 shield {rN+}
rNeg   + + +     Faith    .     V - +2 hat {Int+3}
rPois  .         Spirit   .     Z - amulet of the Air {Inacc +Fly rElec EV+5 RMsl}
rElec  +         Dismiss  .     w - ring of stealth
rCorr  .         Reflect  .     y - ring of wizardry
SustAt .         Harm     .     r - +2 ring of strength
MR     +....                    O - +6 ring of strength
Stlth  ++++++++++               d - ring of Tumyik {rF+++ rC- rN+ MP+9 Stlth+}
                                H - ring of protection from cold
                                u - ring "Iceepp" {rC+ rN+ MP+9 Str-3 Stlth+}
                                N - ring of protection from cold

@: agile, lethally poisoned (0 -> -12), studying 2 skills, repel missiles,
invisible, somewhat resistant to hostile enchantments, uncannily stealthy
A: almost no armour, amphibious, 8 rings, constrict 8, iridescent scales 1,
yellow scales 1, camouflage 1, agile 2, blurry vision 1, clever 1, low mp 1,
robust 1, gelatinous body 1
a: Evolution, Sunlight, Growth, Renounce Religion, Evoke Flight


You were on level 1 of the Depths.
You worshipped Fedhas.
Fedhas was most pleased with you.
You were very hungry.

You visited 6 branches of the dungeon, and saw 31 of its levels.
You visited 1 bazaar.
You also visited: Labyrinth.

You collected 3293 gold pieces.
You spent 3069 gold pieces at shops.

Inventory:

Hand Weapons
 l - the +3 Staff of Olgreb {rPois}
   (You found it on level 11 of the Dungeon)

   It protects you from poison.
 A - a +7 greatsling of flaming (weapon)
 X - the +8 morningstar "Nilluukh" {crush, rElec rPois Str-2 Stlth+}
   (You found it in a labyrinth)

   It inflicts extra damage upon your enemies.
   It affects your strength (-2).
   It insulates you from electricity.
   It protects you from poison.
   It makes you more stealthy.
Missiles
 m - 654 stones
 t - 167 sling bullets (quivered)
Armour
 Q - a +2 shield of positive energy (worn)
 V - a +2 hat of intelligence (worn)
Rods
 b - a +2 rod of shadows (15/15)
   (You found it on level 1 of the Elven Halls)
 W - a +5 lightning rod (13/13)
   (You took it off a deep elf mage on level 3 of the Elven Halls)
 Y - a +4 rod of the swarm (15/15)
   (You found it in a labyrinth)
Jewellery
 d - the ring of Tumyik (on tentacle) {rF+++ rC- rN+ MP+9 Stlth+}
   (You took it off a deep elf mage on level 3 of the Elven Halls)

   [ring of magical power]

   It renders you almost immune to fire.
   It makes you vulnerable to cold.
   It protects you from negative energy.
   It affects your magic capacity (+9).
   It makes you more stealthy.
 r - a +2 ring of strength (on tentacle)
 u - the ring "Iceepp" (on tentacle) {rC+ rN+ MP+9 Str-3 Stlth+}
   (You took it off a deep elf mage on level 3 of the Elven Halls)

   [ring of magical power]

   It affects your strength (-3).
   It protects you from cold.
   It protects you from negative energy.
   It affects your magic capacity (+9).
   It makes you more stealthy.
 w - a ring of stealth (left tentacle)
 y - a ring of wizardry (right tentacle)
 G - a +3 amulet of reflection
 H - a ring of protection from cold (on tentacle)
 M - an uncursed amulet of guardian spirit
 N - a ring of protection from cold (on tentacle)
 O - a +6 ring of strength (on tentacle)
 Z - the amulet of the Air (around mantle) {Inacc +Fly rElec EV+5 RMsl}
   (You found it in a labyrinth)

   [amulet of inaccuracy]

   It reduces the accuracy of all your attacks.
   It affects your evasion (+5).
   It insulates you from electricity.
   It lets you fly.
   It protects you from missiles.
Wands
 c - a wand of enslavement (0)
 g - a wand of invisibility (2)
 i - a wand of cold (2)
 z - a wand of confusion (6)
 F - a wand of teleportation (7)
 S - a wand of hasting (3)
Scrolls
 a - 2 scrolls of remove curse
 k - a scroll of fog
 n - 2 scrolls of magic mapping
 o - 4 scrolls of teleportation
 s - 4 scrolls of immolation
 x - a scroll of fear
 C - 4 scrolls of enchant armour
 K - 2 scrolls of identify
Potions
 I - a potion of flight
 U - 4 potions of might
Books
 p - a book of Transfigurations

   Spells                             Type                      Level
   a - Stoneskin                      Transmutation/Earth          2
   b - Irradiate                      Conjuration/Transmutation    5
   c - Statue Form                    Transmutation/Earth          6
   d - Hydra Form                     Transmutation                6
   e - Dragon Form                    Transmutation                7
 v - a manual of Conjurations
 P - a manual of Slings
Miscellaneous
 e - a lamp of fire
 h - a crystal ball of energy
 j - a piece from Xom's chessboard
 D - a piece from Xom's chessboard
 R - a stone of tremors (inert)
 T - a box of beasts {used: 2}
Comestibles
 f - 2 bread rations
 B - 8 slices of pizza
 J - 16 fruits
 L - a beef jerky


   Skills:
 - Level 5.5 Fighting
   Level 1.0 Short Blades
 + Level 10.2 Slings
 + Level 12.1 Dodging
 - Level 15.1 Stealth
 + Level 10.3 Shields
 + Level 8.9 Spellcasting
 + Level 8.9 Conjurations
 * Level 0.2 Charms
 + Level 0.0 Necromancy
 * Level 4.0 Transmutations
 - Level 5.6 Air Magic
 * Level 2.8 Earth Magic
 - Level 9.1 Poison Magic
 + Level 11.3 Invocations
 * Level 14.8 Evocations


You had 19 spell levels left.
You knew the following spells:

 Your Spells              Type           Power        Failure   Level  Hunger
a - Mephitic Cloud        Conj/Pois/Air  #####...     1%          3    None
b - Regeneration          Chrm/Necr      ##........   14%         3    None
c - Stoneskin             Trmt/Erth      ####....     1%          2    None
d - Statue Form           Trmt/Erth      ####.....    98%         6    ######.


Dungeon Overview and Level Annotations

Branches:
Dungeon (15/15)            Temple (1/1) D:4            Lair (8/8) D:8
 Shoals (0/4) Lair:3        Snake (0/4) Lair:6        Slime (0/6) Lair:6
    Orc (2/2) D:9             Elf (3/3) Orc:2        Vaults (0/5) D:14
 Depths (2/5) D:15

Altars:
Ashenzari
Cheibriados
Dithmenos
Elyvilon
Fedhas
Gozag
Kikubaaqudgha
Makhleb
Nemelex Xobeh
Okawaru
Pakellas
Qazlal
Ru
Sif Muna
Trog
Vehumet
Xom
Yredelemnul
Zin
The Shining One

Shops:
D:7 *   D:10 [   Orc:2 !!*(   Elf:1 ((   Depths:1 =[[

Portals:
Hell: Depths:1

Annotations:
Elf:2 2 runed doors


Innate Abilities, Weirdness & Mutations

You cannot wear most types of armour.
You are amphibious.
You can wear up to eight rings at the same time.
You can use your tentacles to constrict eight enemies at once.
Your skin changes colour to match your surroundings (Stealth).
Your rubbery body absorbs attacks (AC +1).
You are partially covered in iridescent scales (AC +4).
You are partially covered in yellow scales (AC +2).
You are very agile. (Dex +4)
Scrolls take you a little longer to read.
Your mind is acute. (Int +2)
Your magical capacity is low (-10% MP).
You are robust (+10% HP).


Message History

You block the poisoned bolt.
Wield which item (- for none, * to show all)? (? for menu, Esc to quit)
Okay, then.
Evoke which item? (* to show all) (? for menu, Esc to quit)
Okay, then.
Evoke which item? (* to show all) (? for menu, Esc to quit)
Okay, then.
Drink which item? (? for menu, Esc to quit)
Okay, then.
Read which item? (? for menu, Esc to quit)
Okay, then.
Unknown command.
Drink which item? (? for menu, Esc to quit)
You fade into invisibility!
You feel sick.
The yaktaur captain is engulfed in noxious fumes.
The yaktaur captain shoots a poisoned bolt.
The poisoned bolt hits you!!
You die...
Fedhas appreciates your contribution to the ecosystem.

##.....#.#............# #####
##.....#.#...#..(.....###...###
##.......#...#..(.............#
.#...##......#..<#.###........#
.#....#......#(..#.# #........###
.#....#..(...#...#.###.≈≈....)().
.#....#b.....#(.(#......≈....(##.
.#....#....∩..(.(#............##.
)........(......@#............##.
....#..........(##........[)..##.
)........(....§§[.............###
(..###...#.#..§c..............###
..b...........§§.................
..(###.............######........
≈s≈........≈≈≈.#.................
≈≈≈≈##..#(≈.≈(.#.................
PP≈P≈#....≈≈≈≈.#.................


You could see a yaktaur captain.

Vanquished Creatures
  A deep elf blademaster (Elf:3)
  A deep elf master archer (Elf:3)
  3 deep elf sorcerers (Elf:3)
  6 deep elf elementalists (Elf:3)
  2 very ugly things (Depths:1)
  3 deep elf demonologists (Elf:3)
  3 stone giants (Depths:1)
  2 spark wasps (Depths:1)
  7 deep elf annihilators
  2 deep elf death magi (Elf:3)
  3 ettins
  A minotaur (Lab)
  A fire dragon (Depths:1)
  An entropy weaver (Depths:1)
  3 deep elf high priests
  Josephine (Lair:8)
  A great orb of eyes (Depths:1)
  A hell beast (Depths:1)
  5 hydras
  6 centaur warriors
  A deep troll shaman (Depths:1)
  7 dancing weapons
  4 death yaks (Lair:5)
  2 deep elf knights (Elf:1)
  Urug (Lair:4)
  2 iron trolls (Depths:1)
  3 deep trolls (Depths:1)
  An unseen horror (D:13)
  4 deep elf archers
  2 wizards (D:15)
  5 orc knights
  3 orc sorcerers
  20 ugly things
  16 deep elf magi
  2 griffons
  A necromancer (D:15)
  5 cyclopes
  4 elephants
  2 manticores
  2 sirens (Lair:3)
  3 gargoyles
  A kobold demonologist (D:15)
  A black mamba (Lair:7)
  11 spiny frogs
  2 fire drakes
  A yaktaur (Depths:1)
  A jumping spider (shapeshifter) (Elf:3)
  9 komodo dragons
  A polar bear (shapeshifter) (D:14)
  A troll (D:8)
  A polar bear (Lair:4)
  2 giant leeches (Lair:8)
  11 slime creatures
  A freezing wraith (Depths:1)
  A boulder beetle (shapeshifter) (Depths:1)
  A shadow (D:14)
  Sigmund (D:2)
  8 blink frogs
  An ice dragon skeleton (Depths:1)
  A two-headed ogre (D:12)
  32 yaks
  2 redbacks (Depths:1)
  2 spriggans (Depths:1)
  28 orc warriors
  A centaur simulacrum (D:15)
  A tarantella (Depths:1)
  2 water elementals
  2 trapdoor spiders (D:15)
  A human (D:14)
  4 basilisks
  A hog (shapeshifter) (D:14)
  A steam dragon (Lair:5)
  3 fire elementals
  A wyvern (D:11)
  5 hogs
  A hungry ghost (D:12)
  8 vampire mosquitoes
  5 hippogriffs
  2 wargs (Orc:1)
  9 water moccasins
  A soldier ant (shapeshifter) (Depths:1)
  14 wolves
  2 soldier ants
  12 porcupines
  A water moccasin (shapeshifter) (Depths:1)
  3 ice beasts
  A black bear (shapeshifter) (Depths:1)
  5 sky beasts
  3 black bears
  An eye of draining (D:8)
  2 wasps (Depths:1)
  8 ogres
  16 boggarts
  12 crocodiles
  19 centaurs
  24 giant frogs
  A big kobold (D:7)
  A gnoll sergeant (D:12)
  4 wyvern skeletons
  3 earth elementals
  4 scorpions
  2 killer bees (D:14)
  4 wights (D:15)
  11 electric eels
  7 crimson imps
  8 hounds
  2 quasits
  6 jellies
  4 giant frog skeletons
  8 centaur skeletons
  13 worker ants
  18 orc priests
  Ijyb (D:2)
  A hell rat (Lair:2)
  12 iguanas
  16 orc wizards
  9 sheep
  2 wandering mushrooms
  5 hound skeletons
  Robin (D:2)
  A worker ant zombie (D:6)
  10 gnolls
  14 adders
  62 river rats
  6 shadow imps
  2 oozes (D:4)
  2 adder skeletons
  2 worms
  90 orcs
  15 bats
  2 giant cockroaches
  2 gnoll zombies (D:6)
  18 goblins
  8 hobgoblins
  5 jackals
  16 kobolds
  5 quokkas
  3 ball pythons
  7 giant geckos
  A giant gecko skeleton (D:7)
  9 giant newts
  A jackal zombie (D:7)
  A quokka skeleton (D:4)
  7 rats
  5 ballistomycetes
  2 fungi
  18 giant spores
  A hyperactive ballistomycete (Elf:3)
  7 toadstools
899 creatures vanquished.

Vanquished Creatures (collateral kills)
  A deep elf blademaster (Elf:3)
  Kirke (Lair:6)
  A frost giant (Depths:1)
  A deep elf elementalist (Elf:3)
  A stone giant (Depths:1)
  A deep elf demonologist (Elf:3)
  Azrael (D:13)
  3 jiangshi (Depths:1)
  3 deep elf death magi (Elf:3)
  A fire dragon (Depths:1)
  2 great orbs of eyes (Depths:1)
  A catoblepas (Lair:5)
  An ice dragon (Depths:1)
  3 deep troll shamans (Depths:1)
  5 dancing weapons
  5 hydras
  A vampire mage (Depths:1)
  An ogre mage (Depths:1)
  A spriggan berserker (Depths:1)
  A deep troll earth mage (Depths:1)
  A sun demon (Depths:1)
  A deep elf knight (Elf:3)
  An iron troll (Depths:1)
  2 deep trolls (Depths:1)
  A giant orange brain (Depths:1)
  An orc knight (D:15)
  A wizard (Depths:1)
  2 deep elf magi
  5 ugly things (Depths:1)
  A cyclops (D:11)
  2 black mambas
  4 elephants
  19 spiny frogs
  A gargoyle (D:12)
  A molten gargoyle (Depths:1)
  5 komodo dragons
  A tengu conjurer (Depths:1)
  A fire drake (Lair:4)
  3 yaktaurs (Depths:1)
  A troll (D:10)
  3 two-headed ogres
  A polar bear (shapeshifter) (D:13)
  A giant leech (Lair:8)
  A polar bear (Lair:3)
  6 blink frogs
  2 wyverns
  9 slime creatures
  A spriggan (Depths:1)
  4 hogs (Lair:6)
  A redback (Depths:1)
  2 water elementals (Depths:1)
  5 vampire mosquitoes (Lair:8)
  2 basilisks
  14 yaks
  4 wraiths
  A fire elemental (D:13)
  2 wargs (D:15)
  2 hippogriffs
  2 porcupines
  A mottled dragon (D:13)
  5 wolves
  A wandering mushroom (Lair:1)
  4 hell hounds (D:13)
  6 water moccasins
  9 orc warriors
  A phantom (D:11)
  2 sky beasts
  A wasp (Depths:1)
  9 crocodiles
  3 centaurs
  2 ogres (Depths:1)
  The ghost of M4edhros the Sneak, an amateur OpAr (D:3)
  A big kobold (D:9)
  10 giant frogs
  A wyvern skeleton (D:14)
  3 killer bees
  3 orc priests
  A jelly (Lair:6)
  A centaur skeleton (D:12)
  A hell rat (Lair:2)
  2 worker ants (D:9)
  2 orc wizards
  4 sheep
  3 gnolls (D:12)
  33 river rats
  A shadow imp (D:14)
  15 orcs
  A quokka (D:7)
  2 kobolds (D:7)
  A rat (Lair:2)
  A ballistomycete (Depths:1)
  22 giant spores
  2 hyperactive ballistomycetes
  A toadstool (Depths:1)
308 creatures vanquished.

Vanquished Creatures (others)
  A deep elf annihilator (Elf:3)
  3 oklob plants
  An iron troll (Depths:1)
  A deep troll (Depths:1)
  A wolf spider zombie (D:15)
  A tengu conjurer (Depths:1)
  A trapdoor spider zombie (D:11)
  A hippogriff (D:6)
  A water moccasin (Lair:8)
  An orc warrior (Orc:2)
  A necrophage (D:12)
  A crocodile (Lair:8)
  A centaur (Orc:2)
  49 wandering mushrooms
  A worker ant zombie (D:7)
  3 orcs
  38 ballistomycetes
  18 fungi
  21 giant spores
  5 hyperactive ballistomycetes
  78 plants
  804 toadstools
1032 creatures vanquished.

Grand Total: 2239 creatures vanquished

Notes
Turn   | Place    | Note
--------------------------------------------------------------
     0 | D:1      | M4edhros the Octopode Artificer began the quest for the Orb.
     0 | D:1      | Reached XP level 1. HP: 13/13 MP: 3/3
    54 | D:1      | Reached XP level 2. HP: 12/18 MP: 4/4
   272 | D:2      | Noticed Sigmund
   277 | D:2      | Killed Sigmund
   277 | D:2      | Reached skill level 4 in Stealth
   277 | D:2      | Reached XP level 3. HP: 20/24 MP: 4/6
   277 | D:2      | Reached XP level 4. HP: 24/29 MP: 4/7
   277 | D:2      | Reached XP level 5. HP: 28/34 MP: 4/8
   834 | D:3      | Found a bloodstained altar of Trog.
   863 | D:3      | Found an oddly glowing altar of Pakellas.
   865 | D:3      | Found a white marble altar of Elyvilon.
  1093 | D:3      | Reached XP level 6. HP: 32/39 MP: 9/9
  1281 | D:4      | Found a staircase to the Ecumenical Temple.
  1288 | Temple   | Entered the Ecumenical Temple
  1900 | D:4      | Reached skill level 5 in Stealth
  2018 | D:4      | Reached XP level 7. HP: 39/45 MP: 10/10
  2382 | D:4      | Reached skill level 5 in Dodging
  2554 | D:4      | Reached skill level 5 in Evocations
  2638 | D:5      | Entered Level 5 of the Dungeon
  2640 | D:5      | Reached skill level 6 in Stealth
  2855 | D:5      | Reached XP level 8. HP: 38/52 MP: 10/12
  2976 | D:5      | Reached skill level 7 in Stealth
  2980 | D:5      | Gained mutation: You are robust (+10% HP). [mutagenic meat]
  2981 | D:5      | Gained mutation: Your body sometimes deteriorates upon taking damage. [mutagenic meat]
  2982 | D:5      | Gained mutation: Scrolls take you a little longer to read. [mutagenic meat]
  2984 | D:5      | Gained mutation: You are agile. (Dex +2) [mutagenic meat]
  3106 | D:5      | Gained mutation: You evolve. [mutagenic meat]
  3107 | D:5      | Lost mutation: Your body sometimes deteriorates upon taking damage. [mutagenic meat]
  3109 | D:5      | Gained mutation: Your system is resistant to poisons. [mutagenic meat]
  3110 | D:5      | Gained mutation: Your natural rate of healing is unusually fast. [mutagenic meat]
  3481 | D:5      | Reached skill level 8 in Stealth
  4079 | D:6      | Lost mutation: Scrolls take you a little longer to read. [evolution]
  4118 | D:6      | Found a basalt altar of Yredelemnul.
  4292 | D:6      | Reached XP level 9. HP: 63/63 MP: 13/13
  4355 | D:6      | Reached skill level 9 in Stealth
  4910 | D:6      | Found an ancient bone altar of Kikubaaqudgha.
  4967 | D:6      | Found a blossoming altar of Fedhas.
  4975 | D:6      | Became a worshipper of Fedhas Madash
  5529 | D:2      | Noticed Ijyb
  5535 | D:2      | Killed Ijyb
  5687 | D:2      | Noticed Robin
  5698 | D:2      | Killed Robin
  5701 | D:2      | Reached * piety under Fedhas
  5967 | D:3      | Noticed M4edhros's ghost (amateur OpAr)
  5975 | D:3      | Killed M4edhros's ghost
  6225 | D:5      | Reached skill level 5 in Fighting
  6383 | D:7      | Lost mutation: Your system is resistant to poisons. [potion of cure mutation]
  6383 | D:7      | Lost mutation: You evolve. [potion of cure mutation]
  6393 | D:7      | Reached skill level 10 in Stealth
  6457 | D:7      | Found Igamnecirch's General Store.
  6464 | D:7      | Bought a scroll of fear for 52 gold pieces
  6481 | D:7      | Gained mutation: Your mind is acute. (Int +2) [potion of beneficial mutation]
  6487 | D:7      | Gained mutation: You have a pair of small antennae on your head. [potion of beneficial mutation]
  6527 | D:7      | Gained mutation: One of your tentacles bears a spike. [mutagenic meat]
  6528 | D:7      | Lost mutation: You are robust (+10% HP). [mutagenic meat]
  6529 | D:7      | Gained mutation: You occasionally shout uncontrollably at your foes. [mutagenic meat]
  6656 | D:7      | You fall through a shaft!
  6677 | D:8      | Found a staircase to the Lair.
  6749 | D:8      | Reached skill level 1 in Shields
  7206 | D:8      | Reached XP level 10. HP: 66/66 MP: 15/15
  7355 | D:7      | Found an oddly glowing altar of Pakellas.
  7557 | D:7      | Reached ** piety under Fedhas
  7806 | D:9      | Reached skill level 11 in Stealth
  7806 | D:9      | Reached skill level 1 in Invocations
  7816 | D:9      | Found a shattered altar of Ashenzari.
  7964 | D:9      | Found a staircase to the Orcish Mines.
  7970 | D:9      | Reached *** piety under Fedhas
  8260 | D:9      | Found a shadowy altar of Dithmenos.
  8422 | D:9      | Learned a level 3 spell: Mephitic Cloud
  8453 | D:9      | Found a shimmering altar of Xom.
  8505 | D:10     | Entered Level 10 of the Dungeon
  8642 | D:10     | Reached skill level 1 in Poison Magic
  8663 | D:10     | Reached skill level 1 in Spellcasting
  8663 | D:10     | Reached skill level 1 in Conjurations
  8663 | D:10     | Reached skill level 1 in Air Magic
  8770 | D:10     | Found Fudoefo's Antique Armour Boutique.
  9362 | D:11     | Found an iron altar of Okawaru.
  9758 | D:11     | Noticed a deep elf mage
  9812 | D:11     | Killed a deep elf mage
  9812 | D:11     | Reached XP level 11. HP: 72/72 MP: 16/16
 10376 | D:12     | Reached skill level 12 in Stealth
 10631 | D:12     | HP: 3/72 [slime creature (10)]
 10940 | D:12     | Lost mutation: Your natural rate of healing is unusually fast. [mutagenic meat]
 10943 | D:12     | Gained mutation: You are partially covered in iridescent scales (AC +4). [mutagenic meat]
 11194 | D:13     | Noticed a seven-headed hydra
 11214 | D:13     | Killed a seven-headed hydra
 11226 | D:13     | Reached **** piety under Fedhas
 11396 | D:13     | Noticed Azrael
 11542 | Lair:1   | Entered Level 1 of the Lair of Beasts
 12477 | Lair:1   | Reached XP level 12. HP: 54/77 MP: 18/18
 12771 | Lair:1   | Reached skill level 5 in Poison Magic
 12995 | Lair:2   | Reached skill level 5 in Shields
 14113 | Lair:3   | Reached skill level 5 in Invocations
 14157 | Lair:3   | Found a labyrinth entrance.
 14191 | Lab      | Entered a labyrinth
 14325 | Lab      | Noticed a minotaur
 14337 | Lab      | Killed a minotaur
 14382 | Lab      | Got a warped morningstar
 14383 | Lab      | Identified the +8 morningstar "Nilluukh" {crush, rElec rPois Str-2 Stlth+} (You found it in a labyrinth)
 14384 | Lab      | Identified a +3 rod of the swarm (13/13) (You found it in a labyrinth)
 14557 | Lair:3   | Reached skill level 13 in Stealth
 14627 | Lair:3   | Found a staircase to the Shoals.
 14733 | Lair:3   | Reached skill level 10 in Dodging
 14809 | Lair:3   | Reached ***** piety under Fedhas
 15405 | Lair:4   | Reached skill level 5 in Conjurations
 15508 | Lair:4   | Noticed an eight-headed hydra
 15521 | Lair:4   | Killed an eight-headed hydra
 15521 | Lair:4   | Reached XP level 13. HP: 50/82 MP: 10/20
 15674 | Lair:4   | Noticed Urug
 15684 | Lair:4   | Killed Urug
 15684 | Lair:4   | Reached skill level 5 in Air Magic
 16297 | Lair:5   | Reached skill level 5 in Spellcasting
 17045 | Lair:5   | Reached skill level 10 in Evocations
 17426 | Lair:6   | Gained mutation: You are very agile. (Dex +4) [potion of mutation]
 17426 | Lair:6   | Lost mutation: One of your tentacles bears a spike. [potion of mutation]
 17426 | Lair:6   | Gained mutation: Your muscles are strong. (Str +2) [potion of mutation]
 17480 | Lair:6   | Found a staircase to the Slime Pits.
 17702 | Lair:6   | Found a staircase to the Snake Pit.
 17783 | Lair:6   | Noticed Kirke
 17784 | Lair:6   | Noticed a sphinx
 17800 | Lair:6   | Killed Kirke
 18172 | Lair:7   | Reached skill level 14 in Stealth
 18245 | Lair:7   | Got an ancient spear
 18246 | Lair:7   | Identified the +3 spear "Taymeeca" {pain, +Inv MR+} (You found it on level 7 of the Lair of Beasts)
 18376 | Lair:7   | Reached XP level 14. HP: 17/88 MP: 2/22
 19675 | Lair:8   | Entered Level 8 of the Lair of Beasts
 19696 | Lair:8   | Reached ****** piety under Fedhas
 19980 | Lair:8   | Noticed Josephine
 19988 | Lair:8   | Killed Josephine
 20657 | Lair:8   | Identified a scroll of acquirement
 21024 | Orc:1    | Entered Level 1 of the Orcish Mines
 21640 | Orc:2    | Entered Level 2 of the Orcish Mines
 21709 | Orc:2    | Found Dod Tujiena's Assorted Antiques.
 21709 | Orc:2    | Found Zewa's Distillery.
 21709 | Orc:2    | Found Aloidoest's Distillery.
 21714 | Orc:2    | Reached XP level 15. HP: 92/92 MP: 9/24
 21734 | Orc:2    | Found Osew Seemp's Weapon Shop.
 21850 | Orc:2    | Bought a runed greatsling for 360 gold pieces
 21850 | Orc:2    | Bought a dented cabochon amulet for 120 gold pieces
 21927 | Orc:2    | Found a staircase to the Elven Halls.
 22110 | Orc:2    | Reached skill level 15 in Stealth
 22432 | Elf:1    | Entered Level 1 of the Elven Halls
 22432 | Elf:1    | Found Bituw's Antique Weapon Boutique.
 23181 | Elf:1    | Found Luci Omo's Weapon Boutique.
 23207 | Elf:1    | Reached skill level 1 in Slings
 23438 | Elf:1    | Identified a +0 rod of shadows (14/14) (You found it on level 1 of the Elven Halls)
 23605 | Elf:2    | Found a runed gate.
 23716 | Elf:2    | Found a runed gate.
 23953 | Elf:3    | Entered Level 3 of the Elven Halls
 24059 | Elf:3    | Noticed a deep elf blademaster
 24082 | Elf:3    | Killed a deep elf blademaster
 24090 | Elf:3    | Noticed a deep elf sorcerer
 24106 | Elf:3    | Noticed a deep elf sorcerer
 24115 | Elf:3    | Reached skill level 5 in Slings
 24116 | Elf:3    | Killed a deep elf sorcerer
 24130 | Elf:3    | Killed a ghostly deep elf sorcerer
 24130 | Elf:3    | Reached XP level 16. HP: 63/99 MP: 0/27
 24132 | Elf:3    | Noticed a deep elf master archer
 24132 | Elf:3    | Killed a deep elf master archer
 24507 | Elf:3    | Noticed a deep elf blademaster
 24518 | Elf:3    | Killed a deep elf blademaster
 24518 | Elf:3    | Reached skill level 10 in Invocations
 24583 | Elf:3    | Noticed an Ice Fiend
 24965 | Elf:3    | Got a scintillating pewter ring
 24992 | Elf:3    | Gained mutation: You are robust (+10% HP). [potion of beneficial mutation]
 24998 | Elf:3    | Got a fine platinum ring
 24999 | Elf:3    | Identified the ring of Tumyik {rF+++ rC- rN+ MP+9 Stlth+} (You took it off a deep elf mage on level 3 of the Elven Halls)
 25001 | Elf:3    | Identified the ring "Iceepp" {rC+ rN+ MP+9 Str-3 Stlth+} (You took it off a deep elf mage on level 3 of the Elven Halls)
 25132 | Elf:3    | Identified the Reference Book on Shifting Execration
 25139 | Elf:3    | Identified the Compendium of Captivating Orientation
 26184 | D:13     | Killed Azrael
 26394 | D:14     | Found a gate to the Vaults.
 26741 | D:14     | Gained mutation: You are partially covered in thin metallic scales (AC +2). [mutagenic meat]
 26742 | D:14     | Lost mutation: Your muscles are strong. (Str +2) [mutagenic meat]
 26743 | D:14     | Gained mutation: Your magical capacity is low (-10% MP). [mutagenic meat]
 26983 | D:14     | Found a shimmering altar of Xom.
 27251 | D:14     | Got a slimy hand axe
 27361 | D:15     | Entered Level 15 of the Dungeon
 27983 | D:15     | Reached skill level 10 in Shields
 28378 | D:15     | Found a staircase to the Depths.
 28613 | Depths:1 | Entered Level 1 of the Depths
 28619 | Depths:1 | Found Jinim's Armour Boutique.
 28635 | Depths:1 | Reached XP level 17. HP: 65/113 MP: 26/26
 28715 | Depths:1 | Found a gateway to Hell.
 28799 | Depths:1 | Found Ereavvay's Armour Shop.
 28905 | Depths:1 | Found Deref's Jewellery Emporium.
 28955 | Depths:1 | Found a flickering gateway to a bazaar.
 28964 | Bazaar   | Entered a bazaar
 28964 | Bazaar   | Found Katinan's Assorted Antiques.
 28964 | Bazaar   | Found Uckyex's Book Boutique.
 28964 | Bazaar   | Found Haetz's Gadget Shoppe.
 28964 | Bazaar   | Found Utijut's Antique Armour Shop.
 28966 | Bazaar   | Found Bodghyen's Food Emporium.
 29005 | Bazaar   | Bought 5 fruits for 67 gold pieces
 29021 | Bazaar   | Bought a scroll labeled OTIMMAAHALL for 28 gold pieces
 29025 | Bazaar   | Bought a wand of hasting (4) for 624 gold pieces
 29043 | Bazaar   | Bought a book of Necromancy for 540 gold pieces
 29043 | Bazaar   | Bought a book of Transfigurations for 990 gold pieces
 29048 | Bazaar   | Learned a level 3 spell: Regeneration
 29054 | Bazaar   | Learned a level 2 spell: Stoneskin
 29061 | Bazaar   | Learned a level 6 spell: Statue Form
 29385 | Depths:1 | Paralysed by a great orb of eyes for 4 turns
 29418 | Depths:1 | Reached skill level 1 in Transmutations
 29537 | Depths:1 | Reached skill level 1 in Earth Magic
 30173 | Depths:1 | Paralysed by a great orb of eyes for 3 turns
 30212 | Depths:1 | Lost mutation: You have a pair of small antennae on your head. [mutagenic meat]
 30214 | Depths:1 | Gained mutation: You are partially covered in yellow scales (AC +2). [mutagenic meat]
 30503 | Depths:1 | Lost mutation: You occasionally shout uncontrollably at your foes. [mutagenic meat]
 30504 | Depths:1 | Lost mutation: You are partially covered in thin metallic scales (AC +2). [mutagenic meat]
 30506 | Depths:1 | Gained mutation: Scrolls take you a little longer to read. [mutagenic meat]
 30668 | Depths:1 | HP: 1/113 [deep troll earth mage (9)]
 30714 | Depths:1 | Reached skill level 10 in Slings
 31305 | Depths:1 | Bought a +1 hat of intelligence for 288 gold pieces
 31832 | Depths:1 | Paralysed by a great orb of eyes for 4 turns
 31837 | Depths:1 | Paralysed by a great orb of eyes for 3 turns
 31863 | Depths:1 | Shot with a poisoned bolt by a yaktaur captain

Vault maps used:
D:1:      dpeg_arrival_tiny_i
D:2:      uniq_iyjb, uniq_robin, uniq_sigmund
D:3:      lightli_temple_of_fire, grunt_temple_overflow_open
D:4:      forest_paths, minmay_temple_entry_overgrown, first_bread
D:6:      fedhas_altar_4, lemuel_coloured_pillars_altar,
          lemuel_zombie_altar_yredelemnul
D:7:      serial_shops, kennysheep_little_box, grunt_pakellas_sulfur
D:8:      dpeg_oklobed_lair
D:9:      nicolae_dithmenos_shadow_blocks, nicolae_overflow_hidden_temple,
          hiddenorc2_lemuel, cheibrodos_ashenzari_chains
D:10:     serial_shops, kennysheep_mini_moat
D:11:     basic_altar
D:13:     uniq_azrael
D:14:     erik_vaults_1, minmay_misc_feat_alley, basic_altar, grunt_livestock
D:15:     grunt_enter_depths_magical_seal, minivault_4
Temple:   eino_temple_water_12
Lair:2:   kennysheep_rathole, st_stairs_8, grunt_megastairs_4
Lair:3:   elwin_shoals_entry_rooms, lab_entry_generic,
          infiniplex_staircase_pool, lemuel_fruit_tree, serial_bayou_shore_b,
          serial_bayou_shore_b
Lair:4:   gammafunk_lair_bear_cave, st_stairs_9, serial_bayou_lake_a, uniq_urug
Lair:5:   wad_woods_structure_01, st_stairs_4, small_statue_intersection
Lair:6:   dummy_snake_entry, minmay_slime_entry_pillars, uniq_kirke
Lair:7:   st_stairs_8, grunt_megastairs_1, infiniplex_staircase_pool_2,
          serial_bayou_shore_b
Lair:8:   minmay_lair_end_frog_pond, uniq_josephine
Orc:2:    st_orc_rangers, mines_bat_river
Elf:1:    serial_shops, nicolae_shop_crystal, shop,
          kennysheep_underground_church
Elf:3:    minmay_elf_hall_dome, basic_altar, hex_tiny, minivault_24, spider_trap
Depths:1: serial_shops, bzr_entry_dummy, shop, shop, shop, grunt_mini_vestibule,
          serial_bayou_lagoon_a, water_maze_lemuel
Depths:2: kennysheep_ambush_hall, pan_entry, infiniplex_staircase_9_rooms,
          pf_hell_entry_tar_river, serial_shops, shop
Lab:      lab_hedge, nicolae_lab_quarters, nicolae_lab_starburst
Bazaar:   bazaar_minmay_generic_island

Action                   |  1- 3 |  4- 6 |  7- 9 | 10-12 | 13-15 | 16-18 || total
-------------------------+-------+-------+-------+-------+-------+-------++-------
Melee: Short sword       |    20 |       |       |       |       |       ||    20
       Dagger            |     6 |    75 |   306 |   356 |    70 |       ||   813
       Demon trident     |       |       |       |    38 |    25 |     3 ||    66
       Staff             |       |       |       |   104 |   293 |   350 ||   747
       Morningstar       |       |       |       |    15 |    46 |   108 ||   169
 Fire: Greatsling        |       |       |       |       |    16 |    80 ||    96
 Cast: Mephitic Cloud    |       |       |       |     1 |     3 |    25 ||    29
Invok: Evolution         |       |       |     4 |    18 |    27 |    19 ||    68
       Sunlight          |       |       |       |     4 |     2 |     6 ||    12
       Reproduction      |       |       |       |       |    18 |     4 ||    22
       Rain              |       |       |       |       |     7 |       ||     7
Evoke: Wand              |     1 |       |     9 |    12 |    49 |    21 ||    92
       Staff of Olgreb   |       |       |       |    40 |   100 |   108 ||   248
       Rod               |       |       |       |     1 |     5 |    89 ||    95
       Box of beasts     |       |       |       |       |       |     2 ||     2
       Lamp of fire      |       |       |       |       |       |     1 ||     1
       Stone of tremors  |       |       |       |       |       |     1 ||     1
  Use: Potion            |       |       |    14 |     3 |    12 |    12 ||    41
       Scroll            |       |       |       |    22 |    23 |    20 ||    65
 Stab: Sleeping          |     2 |     9 |    57 |    52 |    33 |     7 ||   160
       Distracted        |       |       |     2 |     4 |     2 |     7 ||    15
       Confused          |       |       |     1 |     5 |     5 |     9 ||    20
       Paralysed         |       |       |       |       |       |     2 ||     2
       Invisible         |       |       |       |       |       |     1 ||     1
  Eat: Chunk             |       |     1 |    22 |     5 |     2 |    16 ||    46
       Meat ration       |       |     1 |     1 |     1 |     4 |     2 ||     9
       Beef jerky        |       |       |       |     3 |     1 |     5 ||     9
       Bread ration      |       |       |       |     4 |     3 |     6 ||    13
       Pizza             |       |       |       |     2 |     2 |       ||     4
